 Dungeon Crawl Stone Soup version 0.21.1-1-g345015fe64 (webtiles) character file.

97 Hercules1031 the Conjurer (level 5, -2/37 HPs)
             Began as a Human Conjurer on June 9, 2018.
             Slain by an orc
             ... wielding a +2 morningstar of protection
              (3 damage)
             ... on level 3 of the Dungeon.
             The game lasted 00:16:26 (2903 turns).

Hercules1031 the Conjurer (Human Conjurer)          Turns: 2903, Time: 00:16:28

Health: -2/37      AC:  6    Str:  8    XL:     5   Next: 0%
Magic:  0/8        EV: 10    Int: 22    God:
Gold:   128        SH:  0    Dex: 13    Spells: 3/9 levels left

rFire    . . .     SeeInvis +   i - +0 whip
rCold    . . .     Gourm    .   (no shield)
rNeg     . . .     Faith    .   d - +0 ring mail
rPois    .         Spirit   .   (no helmet)
rElec    .         Reflect  .   (no cloak)
rCorr    .         Harm     .   j - +0 pair of gloves
MR       .....                  (no boots)
Stlth    +.........             (no amulet)
HPRegen  0.12/turn              g - ring of see invisible
MPRegen  0.11/turn              (no ring)

@: brilliant
A: no striking features
a: no special abilities


You were on level 3 of the Dungeon.
You were not hungry.

You visited 1 branch of the dungeon, and saw 3 of its levels.

You collected 128 gold pieces.

Inventory:

Hand Weapons
 h - a +0 dagger
 i - a +0 whip (weapon)
Armour
 a - a +0 robe
 d - a +0 ring mail (worn)
 f - a +0 ring mail
 j - a +0 pair of gloves (worn)
Jewellery
 g - a ring of see invisible (left hand)
 n - an uncursed ring of wizardry {unknown}
Scrolls
 l - 2 scrolls of identify
 m - a scroll of amnesia
Books
 b - a book of Conjurations

   Spells                             Type                      Level
   a - Magic Dart                     Conjuration                  1
   b - Searing Ray                    Conjuration                  2
   c - Dazzling Spray                 Conjuration/Hexes            3
   d - Fulminant Prism                Conjuration/Hexes            4
   e - Force Lance                    Conjuration/Translocation    4
   f - Iskenderun's Mystic Blast      Conjuration                  4


   Skills:
 + Level 1.0 Fighting
 + Level 0.5 Maces & Flails
 + Level 1.8 Armour
 - Level 2.2 Dodging
 - Level 2.0 Stealth
 - Level 0.1 Unarmed Combat
 * Level 2.6 Spellcasting
 + Level 4.6 Conjurations
 + Level 0.1 Hexes


You had 3 spell levels left.
You knew the following spells:

 Your Spells              Type           Power        Failure   Level  Hunger
a - Magic Dart            Conj           ####         1%          1    None
b - Searing Ray           Conj           #####.       1%          2    ##.....
c - Dazzling Spray        Conj/Hex       ####..       5%          3    ###....


Dungeon Overview and Level Annotations

Branches:
Dungeon (3/15)

Altars:
Elyvilon


Message History

The orc is dazzled.
The orc barely misses you.
You hit the orc.
The orc is severely wounded.
The orc barely misses you.
You hit the orc but do no damage.
The orc is severely wounded.
The orc hits you with a morningstar of protection!
* * * LOW HITPOINT WARNING * * *
You barely miss the orc.
The orc is severely wounded.
The hobgoblin closely misses you. The orc barely misses you.
The orc hits you with a mace.
* * * LOW HITPOINT WARNING * * *
You hit the orc but do no damage.
The orc is severely wounded.
The orc is no longer blind.
The hobgoblin hits you but does no damage.
The orc hits you but does no damage.
The orc hits you with a morningstar of protection.
You die...

##########
#........#
#........#
#....(...#
#oo......#########
#@or.og...........
#.go...........###
#........#####....
#........# #####
#........#
##########


You could see 5 orcs, 2 hobgoblins and a rat.

Vanquished Creatures
  4 adders
  2 oozes (D:1)
  A dart slug (D:1)
  2 leopard geckos
  A ball python (D:1)
  2 giant cockroaches
  3 goblins
  8 hobgoblins
  4 jackals (D:3)
  3 kobolds
  A quokka (D:2)
  6 bats
  2 frilled lizards
  8 rats
47 creatures vanquished.

Notes
Turn   | Place    | Note
-------+----------+-------------------------------------------
     0 | D:1      | Hercules1031 the Human Conjurer began the quest for the Orb.
     0 | D:1      | Reached XP level 1. HP: 13/13 MP: 3/3
   212 | D:1      | Reached XP level 2. HP: 12/19 MP: 0/5
   326 | D:1      | Learned a level 2 spell: Searing Ray
   597 | D:1      | Reached XP level 3. HP: 17/24 MP: 1/6
   663 | D:1      | Learned a level 2 spell: Searing Ray
   667 | D:1      | Learned a level 3 spell: Dazzling Spray
  1287 | D:2      | Reached skill level 1 in Armour
  1589 | D:2      | Reached XP level 4. HP: 19/30 MP: 0/7
  1871 | D:2      | Found a white marble altar of Elyvilon.
  2854 | D:3      | Reached skill level 1 in Fighting
  2865 | D:3      | Reached XP level 5. HP: 2/37 MP: 0/8
  2902 | D:3      | HP: 1/37 [orc/mace (6)]
  2903 | D:3      | Slain by an orc

Skill      XL: |  1  2  3  4 |
---------------+-------------+-----
Armour         | 1 |  1.8
Fighting       | 1 |  1.0
Maces & Flails | |  0.5
Dodging        | |  2.2
Stealth        | |  2.0
Unarmed Combat | |  0.1
Spellcasting   | |  2.6
Conjurations   | |  4.6
Hexes          | |  0.1

Action                   |  1- 3 |  4- 6 || total
-------------------------+-------+-------++-------
Melee: Unarmed           |     9 |       ||     9
       Whip              |    20 |    26 ||    46
       Dagger            |     2 |       ||     2
 Cast: Magic Dart        |    48 |    26 ||    74
       Searing Ray       |       |     1 ||     1
       Dazzling Spray    |       |     2 ||     2
  Use: Scroll            |     4 |       ||     4
       Potion            |     1 |     2 ||     3
  Eat: Ration            |     1 |     2 ||     3
Armor: Robe              |     1 |       ||     1
       Ring mail         |    12 |    39 ||    51
Dodge: Dodged            |    22 |    42 ||    64
